 Dungeon Crawl Stone Soup version 0.28.0-53-g5a82cb258f (webtiles) character file.

Game seed: 4457478994210603716

869 ChickenMitten the Skirmisher (level 8, -2/63 HPs)
             Began as a Formicid Fighter on July 31, 2022.
             Was a Follower of Okawaru.
             Slain by a two-headed ogre
             ... wielding a +0 giant spiked club
              (5 damage)
             ... on level 5 of the Dungeon.
             The game lasted 00:10:23 (4924 turns).

ChickenMitten the Skirmisher (Formicid Fighter)     Turns: 4924, Time: 00:10:24

Health: -2/63      AC: 11    Str: 24    XL:     8   Next: 24%
Magic:  8/8        EV:  9    Int: 14    God:    Okawaru [*.....]
Gold:   142        SH:  5    Dex: 10    Spells: 7/7 levels left

rFire   . . .      SeeInvis +   h - +4 great sword of Beyond {elec, *Rage rPois Int+7 SInv}
rCold   . . .      Faith    .   c - +0 buckler
rNeg    . . .      Spirit   .   b - +0 scale mail
rPois   +          Reflect  .   (helmet unavailable)
rElec   .          Harm     .   (no cloak)
rCorr   .          Rampage  .   n - +0 pair of gloves
Will    .....                   i - +0 pair of boots
Stlth   ..........              (no amulet)
HPRegen 1.00/turn               (no ring)
MPRegen 0.11/turn               (no ring)

@: mighty
A: permanent stasis, dig shafts and tunnels, antennae 3, four strong arms,
iridescent scales 1, regeneration 1
a: Dig, Shaft Self, Renounce Religion, Heroism


You were on level 5 of the Dungeon.
You worshipped Okawaru.
Okawaru was aware of your devotion.
You visited 2 branches of the dungeon, and saw 6 of its levels.

You collected 208 gold pieces.
You spent 66 gold pieces at shops.

Inventory:

Hand Weapons
 a - a +0 war axe
 h - the +4 great sword of Beyond (weapon) {elec, *Rage rPois Int+7 SInv}
   (You found it on level 2 of the Dungeon)

   It occasionally discharges a powerful burst of electricity upon striking a
   foe.
   Int:       It affects your intelligence (+7).
   rPois:     It protects you from poison.
   SInv:      It lets you see invisible.
   *Rage:     It berserks you when you make melee attacks (+20% chance).
 u - a +1 demon whip of venom
Armour
 b - a +0 scale mail (worn)
 c - a +0 buckler (worn)
 i - a +0 pair of boots (worn)
 n - a +0 pair of gloves (worn)
Jewellery
 p - a ring of flight
Wands
 r - a wand of digging (5)
Scrolls
 e - 2 scrolls of holy word
 f - a scroll of fog
 g - 3 scrolls of torment
 j - 2 scrolls of enchant armour
 m - 2 scrolls of teleportation
 s - a scroll of noise
Potions
 k - a potion of brilliance
 l - a potion of ambrosia
 o - 2 potions of haste {unknown}
 t - a potion of flight {unknown}


   Skills:
 * Level 5.4 Fighting
 * Level 5.4 Long Blades
 - Level 2.5 Axes
 * Level 5.4 Armour
 * Level 5.4 Shields


You had 7 spell levels left.
You didn't know any spells.
Your spell library contained the following spells:

 Spells                   Type           Power      Damage    Failure   Level
 Lesser Beckoning         Tloc           0%         N/A       94%         3
 Manifold Assault         Tloc           0%         N/A       100%        5
 Blink                    Tloc           Unusable   N/A       N/A         2

Dungeon Overview and Level Annotations

Branches:
Dungeon (5/15)             Temple (1/1) D:4

Altars:
Cheibriados
Dithmenos
Elyvilon
Makhleb
Okawaru
Qazlal
Sif Muna
Vehumet
Zin
The Shining One

Shops:
D:3 :   D:4 *


Innate Abilities, Weirdness & Mutations

You cannot be hasted, slowed, berserked, paralysed or teleported.
You can dig through walls and to a lower floor.
You have a pair of large antennae on your head. (SInv)
Your four strong arms can wield two-handed weapons with a shield.
You are partially covered in iridescent scales. (AC +2)
Your natural rate of healing is unusually fast.


Message History

The ufetubus closely misses you. The ufetubus barely misses you.
You slice the ufetubus!!
You kill the ufetubus!
Okawaru accepts your kill.
An adder comes into view.
A two-headed ogre comes into view.
It is wielding a +0 giant spiked club and a +0 giant club.
You barely miss the adder. You block the adder's attack.
The adder bites you but does no damage.
You barely miss the adder. The adder bites you. You block the adder's attack.
You closely miss the adder. The adder bites you but does no damage.
The scorpion zombie closely misses you. The adder closely misses you.
You slash the adder!
You kill the adder!
Okawaru accepts your kill. The scorpion zombie barely misses you.
The scorpion zombie hits you but does no damage.
You barely miss the scorpion zombie. The scorpion zombie closely misses you.
The two-headed ogre shouts in stereo!
You slice the scorpion zombie!!
Lightning courses through the scorpion zombie!!
You destroy the scorpion zombie!
Okawaru accepts your kill.
You hear a shout!
An ogre comes into view. It is wielding a +0 giant club.
Okay, then.
You feel very mighty all of a sudden.
You closely miss the two-headed ogre.
The two-headed ogre hits you with a +0 giant spiked club!
The two-headed ogre hits you with a +0 giant club!
You closely miss the two-headed ogre. You slash the two-headed ogre!
The two-headed ogre is lightly wounded.
The two-headed ogre hits you with a +0 giant spiked club!!
The two-headed ogre hits you with a +0 giant club!!
* * * LOW HITPOINT WARNING * * *
The ogre barely misses you.
You barely miss the two-headed ogre.
The two-headed ogre is lightly wounded.
The two-headed ogre hits you with a +0 giant spiked club.
You die...

.... ..# # .... ... #. ###.###
#.## #..#.....##...## #####
#..#..$..#.....#
##...######....:()....#
#......... ..#..=..#.....#
........## #.#..OO.##...## ..
........# #.###@#####.#####.#
........# #.......#⌠...⌠#...
........# #.......#.....#.##
........# #..........⌠.....#
........# #.......#.....#..#
........####.......#⌠...⌠#..#
...................###.###..#
.......###..##..............##
.......##...###.....####.....#


You could see a two-headed ogre and an ogre.

Vanquished Creatures
  Sigmund (D:2)
  A black bear (D:5)
  2 jellies
  A centaur skeleton (D:5)
  An orc priest (D:3)
  3 hounds
  Jessica (D:2)
  An iguana (D:5)
  An orc wizard (D:4)
  Natasha (thrice) (D:2)
  Ijyb (D:3)
  A scorpion zombie (D:5)
  2 hound skeletons
  4 gnolls (D:5)
  5 adders
  2 ufetubi
  An adder skeleton (D:4)
  4 worms
  2 dart slugs
  14 orcs
  4 endoplasms
  3 giant cockroaches
  5 goblins
  6 hobgoblins
  5 jackals
  3 quokkas
  4 ball pythons
  4 bats
  2 frilled lizards
  4 kobolds
  A rat (D:2)
92 creatures vanquished.

Notes
Turn   | Place    | Note
-------+----------+-------------------------------------------
     0 | D:1      | ChickenMitten the Formicid Fighter began the quest for the
                  | Orb.
     0 | D:1      | Reached XP level 1. HP: 18/18 MP: 1/1
   148 | D:2      | Reached XP level 2. HP: 23/24 MP: 2/2
   380 | D:2      | Identified the +4 great sword of Beyond {elec, *Rage rPois
                  | Int+7 SInv}
   432 | D:2      | Reached XP level 3. HP: 30/30 MP: 3/3
   461 | D:2      | Noticed Jessica
   464 | D:2      | Killed Jessica
   522 | D:2      | Reached XP level 4. HP: 37/37 MP: 4/4
   584 | D:2      | Noticed Sigmund
   591 | D:2      | Killed Sigmund
   592 | D:2      | Reached skill level 1 in Long Blades
   592 | D:2      | Reached XP level 5. HP: 41/43 MP: 5/5
   592 | D:2      | Reached XP level 6. HP: 47/49 MP: 6/6
  1068 | D:4      | Found a staircase to the Ecumenical Temple.
  1077 | Temple   | Entered the Ecumenical Temple
  1208 | Temple   | Became a worshipper of Warmaster Okawaru
  2690 | D:2      | Noticed Natasha
  2693 | D:2      | Killed Natasha
  2697 | D:2      | Noticed Natasha
  2702 | D:2      | Killed Natasha
  3024 | D:2      | Noticed Natasha
  3029 | D:2      | Killed Natasha
  3081 | D:3      | Found Ywnifics's Book Shop.
  3274 | D:4      | Reached XP level 7. HP: 49/55 MP: 7/7
  3452 | D:3      | Reached skill level 5 in Fighting
  3452 | D:3      | Reached skill level 5 in Armour
  3452 | D:3      | Reached skill level 5 in Shields
  3654 | D:3      | Noticed Ijyb
  3663 | D:3      | Killed Ijyb
  4078 | D:4      | Found Loirog's Assorted Antiques.
  4092 | D:4      | Bought a scroll labelled XANIRU QEOSA for 23 gold pieces
  4092 | D:4      | Bought a scroll labelled ATHREC MIUNAO for 23 gold pieces
  4092 | D:4      | Bought a silvery potion for 20 gold pieces
  4517 | D:4      | Gained mutation: You are partially covered in iridescent
                  | scales. (AC +2) [potion of mutation]
  4517 | D:4      | Gained mutation: Your natural rate of healing is unusually
                  | fast. [potion of mutation]
  4542 | D:5      | Entered Level 5 of the Dungeon
  4703 | D:5      | Reached * piety under Okawaru
  4741 | D:5      | Reached XP level 8. HP: 62/62 MP: 8/8
  4837 | D:5      | Reached skill level 5 in Long Blades
  4906 | D:5      | Noticed a two-headed ogre
  4923 | D:5      | HP: 1/63 [two-headed ogre/+0 giant spiked club (19)]
  4924 | D:5      | Slain by a two-headed ogre

Illustrated notes

Levels and vault maps discovered:
D:1:      dpeg_arrival_shrine, layout_basic, minivault_27,
          minmay_misc_feat_rugged, bh_walls_and_bars
D:2:      layout_basic, uniq_natasha, uniq_sigmund, uniq_jessica
D:3:      layout_loops_cross, serial_shops, shop, minivault_26, uniq_ijyb
D:4:      layout_cave_pods, minmay_temple_entry_antechambers, serial_shops,
          nicolae_square_shop, minmay_quadrilaterals
D:5:      layout_cave_pods, minmay_chambers_of_fives
Temple:   compressed_dpeg_circular_temple

Skill      XL: |  1  2  3  4  5  6  7  8 |
---------------+-------------------------+-----
Shields        | 4 5 |  5.4
Fighting       | 4 5 |  5.4
Long Blades    | 1 3 4 5 |  5.4
Armour         | 4 5 |  5.4
Axes           | |  2.5

Action                   |  1- 3 |  4- 6 |  7- 9 || total
-------------------------+-------+-------+-------++-------
Melee: War axe           |    23 |       |       ||    23
       Great sword       |     7 |    63 |   115 ||   185
 Abil: Dig               |       |       |     2 ||     2
  Use: Scroll            |       |       |     9 ||     9
       Potion            |       |       |     2 ||     2
Armor: Scale mail        |     9 |    27 |    54 ||    90
Dodge: Dodged            |    11 |    30 |    63 ||   104
Block: Buckler           |     9 |    15 |    23 ||    47
